 Dungeon Crawl Stone Soup version 0.30-b1-2-g02819fbbbe (webtiles) character file.

Game seed: 16696917824885568690

10 Alarkh the Shooter (level 2, 21/21 (22) HPs)
             Began as a Demonspawn Hunter on July 7, 2023.
             Got out of the dungeon alive.
             The game lasted 00:00:23 (215 turns).

Alarkh the Shooter (Demonspawn Hunter)               Turns: 215, Time: 00:00:23

HP:   21/21 (22)    AC:  5    Str: 11    XL:     2   Next: 10%
MP:   2/2           EV: 11    Int: 10    God:
Gold: 10            SH:  0    Dex: 16    Spells: 1/1 levels left

rFire   . . .        a - +0 shortbow
rCold   . . .        (shield currently unavailable)
rNeg    . . .        c - +0 leather armour
rPois   .            (no helmet)
rElec   .            (no cloak)
rCorr   .            (no gloves)
SInv    .            (no boots)
Will    .....        (no amulet)
Stlth   +            (no ring)
HPRegen 0.23/turn    (no ring)
MPRegen 0.08/turn

%: no passive effects
@: lightly drained
A: icy blue scales 1
a: no special abilities


You escaped.
You visited 1 branch of the dungeon, and saw 1 of its levels.

You collected 10 gold pieces.

Inventory:

Hand Weapons
 a - a +0 shortbow (weapon)
 b - a +0 dagger of draining
Armour
 c - a +0 leather armour (worn)
Scrolls
 d - a scroll of noise {unknown}
 f - a scroll of immolation
Potions
 e - a potion of brilliance {unknown}
 g - a potion of heal wounds {unknown}


   Skills:
 - Level 2.0 Fighting
 + Level 4.1 Ranged Weapons
 - Level 1.7 Dodging
 - Level 0.8 Stealth


You had one spell level left.
You didn't know any spells.
Your spell library was empty.

Dungeon Overview and Level Annotations

Branches:
Dungeon (1/15)

Altars:


Innate Abilities, Weirdness & Mutations

You are partially covered in icy blue scales. (AC +2)


Message History

No target in view!
Found a faded altar of an unknown god.
A goblin comes into view. It is wielding a +0 club.
A goblin is nearby!
You shoot an arrow. The arrow hits the goblin!
You kill the goblin!
Your Ranged Weapons skill increases to level 4!
No target in view!
No target in view!
A kobold comes into view. It is wielding a +0 club.
Found 32 gold pieces.
A kobold is nearby!
A kobold is nearby!
You shoot an arrow. The arrow hits the kobold.
The kobold shouts!
The kobold is severely wounded.
A bat comes into view.
An endoplasm comes into view.
You shoot an arrow. The arrow closely misses the kobold.
The kobold closely misses you.
You shoot an arrow. The arrow barely misses the kobold.
The arrow completely misses the bat.
The kobold hits you but does no damage. The kobold closely misses you.
You shoot an arrow. The arrow hits the kobold.
You kill the kobold!
The bat hits you.
You have reached level 2!
Your demonic ancestry asserts itself...
Icy blue scales grow over part of your body.
You shoot an arrow. The arrow hits the endoplasm!
You kill the endoplasm!
The bat barely misses you. The bat closely misses you.
You shoot an arrow. The arrow closely misses the bat.
The bat closely misses you. The bat hits you but does no damage.
You shoot an arrow. The arrow hits the bat!
You kill the bat!
Unknown command.
You see here a bat corpse.
There is a staircase leading out of the dungeon here.
Are you sure you want to leave the Dungeon?
This will make you lose the game!
You have escaped!

#.# #.....#.# ## ####.# ##
###.###.#.######.
#..§°###.♣♣.♣.###..........
#..§§§♣.♣.♣.♣♣§○#.#.#######
#..§§§♣♣.8.8♣§♣.♣.#.# #
#..§♣♣§♣8..§8§♣♣....### ##
#....♣§8..∩§§8♣♣.♣....####.
###♣♣§8§...§§.8.♣♣#.#.[..#.
♣♣..∩.@.∩.......####...
♣8§......8♣.♣..# #..##
♣☼8○.∩..8.♣.♣.## #..#
#♣♣§♣8☼..8♣.♣ .. .....
#.§♣♣§8.8♣.♣.♣.# #.####
##.○§♣♣..♣.⌠... #..
####♣.♣♣.#...#... # ##.##
.##


There were no monsters in sight!

Vanquished Creatures
  An endoplasm (D:1)
  A goblin (D:1)
  4 hobgoblins (D:1)
  A bat (D:1)
  2 kobolds (D:1)
9 creatures vanquished.

Notes
Turn   | Place    | Note
-------+----------+-------------------------------------------
     0 | D:1      | Alarkh the Demonspawn Hunter began the quest for the Orb.
     0 | D:1      | Reached XP level 1. HP: 16/16 MP: 1/1
   170 | D:1      | Found a faded altar of an unknown god.
   180 | D:1      | Reached skill level 4 in Ranged Weapons
   190 | D:1      | Gained mutation: You are partially covered in icy blue
                  | scales. (AC +2) [demonic ancestry]
   190 | D:1      | Reached XP level 2. HP: 18/21 MP: 2/2
   215 | D:$      | Got out of the dungeon alive.

Illustrated notes

Levels and vault maps discovered:
D:1:      heliophobic_arrival_enchanted_forest, layout_rooms,
          ebering_ecumenical_altar_mist, minmay_pentomino_z4

Skill      XL: |  1 |
---------------+----+-----
Ranged Weapons | 4 |  4.1
Fighting       | |  2.0
Dodging        | |  1.7
Stealth        | |  0.8

Action                     || total
---------------------------++-------
   Fire: Shortbow          ||    31
 Armour: Leather armour    ||     5
  Dodge: Dodged            ||     9
